 Dungeon Crawl Stone Soup version 0.31.0-12-g77e489cdc1 (webtiles) character file.

Game seed: 738403508761333876

397 monsoonserge the Chopper (level 6, 0/27 (51) HPs)
             Began as a Gnoll Reaver on Feb 18, 2024.
             Slain by Menkaure (14 damage)
             ... on level 4 of the Dungeon.
             The game lasted 00:09:45 (2875 turns).

monsoonserge the Chopper (Gnoll Reaver)             Turns: 2875, Time: 00:09:46

HP:   0/27 (51)     AC:  9    Str: 11    XL:     6   Next: 83%
MP:   14/14         EV: 11    Int: 14    God:
Gold: 152           SH:  0    Dex: 11    Spells: 15/16 levels left

rFire   . . .        t - +3 hammer (drain)
rCold   . . .        (no shield)
rNeg    . . .        p - +4 ring mail
rPois   .            (no helmet)
rElec   .            (no cloak)
rCorr   .            (no gloves)
SInv    .            (no boots)
Will    +....        (no amulet)
Stlth   +            b - ring of willpower
HPRegen 0.24/turn    (no ring)
MPRegen 0.14/turn

%: no passive effects
@: very heavily drained
A: fangs 1, strong nose, distributed training
a: no special abilities


You were on level 4 of the Dungeon.
You visited 1 branch of the dungeon, and saw 4 of its levels.

You collected 152 gold pieces.

Inventory:

Hand Weapons
 t - a +3 hammer of draining (weapon)
Missiles
 k - 6 poisoned darts (quivered)
 l - a throwing net
Armour
 m - a +1 leather armour of fire resistance
 p - a +4 ring mail (worn)
Jewellery
 b - a ring of willpower (left hand)
Talismans
 f - a talisman of death
Scrolls
 a - a scroll of amnesia {unknown}
 e - a scroll of noise {unknown}
 h - a scroll of teleportation {unknown}
 i - 3 scrolls of vulnerability {unknown}
 j - 2 scrolls of enchant weapon {unknown}
 n - 2 scrolls of identify {unknown}
 o - 2 scrolls of fear {unknown}
 q - a scroll of torment {unknown}
 r - a scroll of blinking {unknown}
Potions
 c - a potion of heal wounds
 d - a potion of mutation {unknown}
 g - 2 potions of haste {unknown}
 s - a potion of attraction {unknown}


   Skills:
 + Level 5.1 Fighting
 + Level 2.2 Short Blades
 + Level 2.2 Long Blades
 + Level 6.9 Axes
 + Level 2.2 Maces & Flails
 + Level 2.2 Polearms
 + Level 2.2 Staves
 + Level 2.2 Ranged Weapons
 + Level 2.2 Throwing
 + Level 2.2 Armour
 + Level 5.1 Dodging
 + Level 2.2 Stealth
 + Level 2.2 Shields
 + Level 2.2 Unarmed Combat
 + Level 5.5 Spellcasting
 + Level 5.7 Conjurations
 + Level 1.8 Hexes
 + Level 1.8 Summonings
 + Level 1.8 Necromancy
 + Level 1.8 Translocations
 + Level 1.8 Fire Magic
 + Level 1.8 Ice Magic
 + Level 1.8 Air Magic
 + Level 1.8 Earth Magic
 + Level 1.8 Alchemy
 + Level 2.4 Invocations
 + Level 2.2 Evocations
 + Level 2.0 Shapeshifting


You had 15 spell levels left.
You knew the following spells:

 Your Spells              Type           Power      Damage    Failure   Level
a - Kiss of Death         Conj/Necr      56%        2d9       9%          1

Your spell library contained the following spells:

 Spells                   Type           Power      Damage    Failure   Level
 Momentum Strike          Conj/Tloc      28%        3d8       13%         2
 Hailstorm                Conj/Ice       14%        3d6       26%         3
 Ensorcelled Hibernation  Hex/Ice        16%        N/A       28%         2
 Passwall                 Erth           8%         N/A       50%         3
 Swiftness                Air            8%         N/A       50%         3
 Ignite Poison            Fire/Alch      8%         N/A       88%         4
 Sticky Flame             Fire/Alch      8%         2d4       88%         4
 Malign Gateway           Summ/Tloc      4%         N/A       100%        7
 Ignition                 Fire           4%         3d4       100%        8
 Summon Horrible Things   Summ           4%         N/A       100%        8


Dungeon Overview and Level Annotations

Branches:
Dungeon (4/15)
 Temple: D:4-7

Altars:
Fedhas

Annotations:
D:3 Sigmund
D:4 1 runed translucent door, Crazy Yiuf, Menkaure


Innate Abilities, Weirdness & Mutations

You have very sharp teeth.
Your uncanny sense of smell can sniff out nearby items.
Your experience applies equally to all skills.


Message History

The howler monkey hoots and howls with incredible vigour!
You hear an angry hiss.
You hear a shout!
You hear an angry hiss.
You hear a shout! x2; You hear an angry hiss.
Something shouts, "Slither hence, thou ducking elf-skinned lout!"
You hear an angry hiss.
You barely miss the howler monkey.
The howler monkey is severely wounded.
You hear an angry hiss.
The howler monkey hits you.
The howler monkey hits you but does no damage.
You sock the howler monkey!
You kill the howler monkey!
Your Shapeshifting skill increases to level 2!
You hit the endoplasm. You drain the endoplasm.
You kill the endoplasm!
Menkaure, Prince of Dust comes into view.
Menkaure shouts!
Found a chain mail.
You sock Menkaure!
Menkaure is moderately damaged.
Menkaure casts a spell at you. You resist with some effort.
You hit Menkaure but do no damage.
Menkaure is moderately damaged.
Menkaure hits you!
You barely miss Menkaure.
Menkaure is moderately damaged.
Menkaure hits you!
* * * LOW HITPOINT WARNING * * *
It was a potion of heal wounds.
You feel much better. Menkaure barely misses you.
You hit Menkaure.
Menkaure is heavily damaged.
Menkaure calls on the powers of darkness!
Your body is wracked with pain!
You sock Menkaure! You bite Menkaure, but do no damage.
Menkaure is almost destroyed.
Menkaure hits you!
Ouch! That really hurt!
You die...

....#.# #.........$#
....#.# #.#####.####
......###.#####.#####
..#....)............#
.###..###.##..#...#.#
..#...# #.###.#..#M.#
....### #.##..#..#..#
.##.# #........#..#
....# #####.#.@#..#
###.# ####....M..#
#.# #.........## #.#
#.#####...# #.### #.#
##### ###...# #.#
....#.# #.# ###.#.#
#.# #.#.# #.#


You could see Menkaure.

Vanquished Creatures
  An ogre (D:2)
  A howler monkey (D:4)
  A hound (D:4)
  An orc priest (D:4)
  An orc wizard (D:4)
  An iguana (D:4)
  2 gnolls (D:4)
  7 adders
  2 dart slugs (D:4)
  8 orcs (D:4)
  3 ball pythons
  5 bats
  11 endoplasms
  5 giant cockroaches
  3 hobgoblins
  7 kobolds
  2 quokkas
  A frilled lizard (D:3)
  6 goblins
  4 rats
72 creatures vanquished.

Notes
Turn   | Place    | Note
-------+----------+-------------------------------------------
     0 | D:1      | monsoonserge the Gnoll Reaver began the quest for the Orb.
     0 | D:1      | Reached XP level 1. HP: 20/20 MP: 6/6
   364 | D:1      | Reached XP level 2. HP: 23/26 MP: 7/7
  1051 | D:2      | Found a blossoming altar of Fedhas.
  1097 | D:2      | Reached skill level 5 in Spellcasting
  1097 | D:2      | Reached XP level 3. HP: 31/31 MP: 7/9
  1109 | D:2      | Noticed an ogre
  1117 | D:2      | Killed an ogre
  1118 | D:2      | Reached skill level 1 in Short Blades
  1118 | D:2      | Reached skill level 1 in Long Blades
  1118 | D:2      | Reached skill level 1 in Maces & Flails
  1118 | D:2      | Reached skill level 1 in Polearms
  1118 | D:2      | Reached skill level 1 in Staves
  1118 | D:2      | Reached skill level 1 in Ranged Weapons
  1118 | D:2      | Reached skill level 1 in Throwing
  1118 | D:2      | Reached skill level 1 in Armour
  1118 | D:2      | Reached skill level 1 in Stealth
  1118 | D:2      | Reached skill level 1 in Shields
  1118 | D:2      | Reached skill level 1 in Unarmed Combat
  1118 | D:2      | Reached skill level 1 in Hexes
  1118 | D:2      | Reached skill level 1 in Summonings
  1118 | D:2      | Reached skill level 1 in Necromancy
  1118 | D:2      | Reached skill level 1 in Translocations
  1118 | D:2      | Reached skill level 1 in Fire Magic
  1118 | D:2      | Reached skill level 1 in Ice Magic
  1118 | D:2      | Reached skill level 1 in Air Magic
  1118 | D:2      | Reached skill level 1 in Earth Magic
  1118 | D:2      | Reached skill level 1 in Alchemy
  1118 | D:2      | Reached skill level 1 in Invocations
  1118 | D:2      | Reached skill level 1 in Evocations
  1118 | D:2      | Reached skill level 1 in Shapeshifting
  1118 | D:2      | Reached XP level 4. HP: 5/38 MP: 8/11
  1268 | D:2      | Reached XP level 5. HP: 36/37 MP: 12/12
  1901 | D:3      | Noticed Sigmund
  2276 | D:4      | Reached XP level 6. HP: 19/50 MP: 14/14
  2278 | D:4      | Reached skill level 5 in Fighting
  2278 | D:4      | Reached skill level 5 in Dodging
  2696 | D:4      | Found a runed translucent door.
  2697 | D:4      | Noticed Crazy Yiuf
  2844 | D:4      | Noticed Menkaure
  2875 | D:4      | Slain by Menkaure

Illustrated notes

Levels and vault maps discovered:
D:1:      elethiomel_arrival_quiet, layout_basic, serial_rivers,
          chequers_serial_rivers_large_a, chequers_serial_rivers_large_b,
          chequers_serial_rivers_micro_a, chequers_serial_rivers_micro_c,
          chequers_serial_rivers_small_b, chequers_serial_rivers_micro_c
D:2:      layout_basic, serial_bayou, serial_bayou_pond_e, serial_bayou_pond_c,
          serial_bayou_shore_b, serial_bayou_lake_a, basic_altar
D:3:      layout_loops_ring, uniq_sigmund, uniq_grinder
D:4:      minmay_opposing_rooms, layout_loops_ring, grunt_dithmenos_smoke,
          serial_shops, nicolae_shop_rolled_up, minivault_26,
          minmay_misc_feat_square, minmay_joined_circles,
          uniq_crazy_yiuf_cottage, uniq_menkaure

Skill      XL: |  1  2  3  4  5  6 |
---------------+-------------------+-----
Spellcasting   | 5 |  5.5
Short Blades   | 1 2 |  2.2
Long Blades    | 1 2 |  2.2
Maces & Flails | 1 2 |  2.2
Polearms       | 1 2 |  2.2
Staves         | 1 2 |  2.2
Ranged Weapons | 1 2 |  2.2
Throwing       | 1 2 |  2.2
Armour         | 1 2 |  2.2
Stealth        | 1 2 |  2.2
Shields        | 1 2 |  2.2
Unarmed Combat | 1 2 |  2.2
Hexes          | 1 |  1.8
Summonings     | 1 |  1.8
Necromancy     | 1 |  1.8
Translocations | 1 |  1.8
Fire Magic     | 1 |  1.8
Ice Magic      | 1 |  1.8
Air Magic      | 1 |  1.8
Earth Magic    | 1 |  1.8
Alchemy        | 1 |  1.8
Invocations    | 1 2 |  2.4
Evocations     | 1 2 |  2.2
Shapeshifting  | 1 2 |  2.0
Fighting       | 5 |  5.1
Dodging        | 5 |  5.1
Axes           | |  6.9
Conjurations   | |  5.7

Action                     |  1- 3 |  4- 6 || total
---------------------------+-------+-------++-------
  Melee: Hand axe          |    38 |       ||    38
         Bite              |     5 |    19 ||    24
         Short sword       |    20 |   139 ||   159
         Punch             |       |     1 ||     1
         Mace              |       |    14 ||    14
  Throw: Dart              |       |     5 ||     5
   Cast: Kiss of Death     |     2 |     6 ||     8
    Use: Potion            |       |     1 ||     1
 Armour: Leather armour    |    26 |       ||    26
         Ring mail         |    20 |    92 ||   112
  Dodge: Dodged            |    38 |    81 ||   119
